 Dungeon Crawl Stone Soup version 0.29.0-4-gdea44cf6ec (webtiles) character file.

Game seed: 4259905134545216948

421 qw the Chopper (level 6, -3/39 HPs)
             Began as a Gargoyle Delver on Sept 10, 2022.
             Slain by Duvessa
             ... wielding a +0 rapier
              (7 damage)
             ... on level 5 of the Dungeon.
             The game lasted 00:01:50 (4539 turns).

qw the Chopper (Gargoyle Delver)                    Turns: 4539, Time: 00:01:50

Health: -3/39      AC: 12    Str: 17    XL:     6   Next: 94%
Magic:  6/6        EV: 11    Int: 14    God:
Gold:   119        SH:  0    Dex: 11    Spells: 5/5 levels left

rFire   . . .      SeeInvis .   Y - +0 hand axe
rCold   . . .      Faith    .   (no shield)
rNeg    + . .      Spirit   .   d - +0 ring mail
rPois   inf        Reflect  .   i - +2 helmet {Int+3}
rElec   +          Harm     .   (no cloak)
rCorr   +          Rampage  .   (no gloves)
Will    .....                   (no boots)
Stlth   ++........              (no amulet)
HPRegen 0.13/turn               c - ring of resist corrosion
MPRegen 0.10/turn               (no ring)

@: no status effects
A: sickness immunity, AC +4, negative energy resistance 1, electricity
resistance, torment resistance 1, petrification resistance
a: no special abilities


You were on level 5 of the Dungeon.
You visited 1 branch of the dungeon, and saw 5 of its levels.

You collected 119 gold pieces.


Innate Abilities, Weirdness & Mutations

You are immune to sickness and miasma.
Your stone body is resilient. (AC +4)
You are immune to poison.
You resist negative energy. (rN+)
You are resistant to electric shocks. (rElec)
You are resistant to unholy torment.
You are immune to petrification.


   Skills:
 - Level 4.4 Fighting
 + Level 5.7 Axes
 - Level 2.0 Armour
 - Level 1.5 Dodging
 - Level 5.4 Stealth


You had 5 spell levels left.
You didn't know any spells.
Your spell library was empty.

Inventory:

Hand Weapons
 e - a +0 mace
 Y - a +0 hand axe (weapon)
Armour
 d - a +0 ring mail (worn)
 i - a +2 helmet of intelligence (worn)
Jewellery
 c - a ring of resist corrosion (left hand)
Wands
 g - a wand of digging (3)
Scrolls
 k - a scroll of identify
Potions
 a - a potion of curing
 f - 4 potions of haste
 j - a potion of flight {unknown}

Dungeon Overview and Level Annotations

Branches:
Dungeon (5/15)
 Temple: D:4-7

Altars:
Zin
The Shining One

Annotations:
D:3 1 runed translucent door, qw's ghost, amateur GrDe
D:5 Dowan; Duvessa


Message History

You slash Duvessa!
Duvessa is severely wounded.
Duvessa closely misses you.
You hit Duvessa but do no damage.
Duvessa is severely wounded.
Duvessa hits you with a +0 rapier. Duvessa closely misses you.
You barely miss Duvessa.
Duvessa is heavily wounded.
Duvessa barely misses you.
Dowan gestures wildly while chanting.
Dowan blinks!
You hit Duvessa.
Duvessa is severely wounded.
Duvessa hits you with a +0 rapier. x2
You barely miss Duvessa.
Duvessa is severely wounded.
Duvessa hits you with a +0 rapier.
You hit Duvessa.
Duvessa is almost dead.
Duvessa barely misses you. Duvessa hits you but does no damage.
Dowan mumbles some strange words.
Dowan blinks!
You barely miss Duvessa.
Duvessa is almost dead.
Duvessa hits you with a +0 rapier.
Dowan mumbles some strange words.
Dowan blinks!
You hit Duvessa.
Duvessa is almost dead.
Duvessa hits you with a +0 rapier. Duvessa barely misses you.
Dowan mumbles some strange words.
Dowan blinks!
You closely miss Duvessa.
Duvessa is almost dead.
Duvessa says, "My weaknesses are his strengths!"
Duvessa hits you but does no damage.
You hit Duvessa.
Duvessa is almost dead.
Duvessa hits you with a +0 rapier!
You die...

#.......#
.......#
......#
.[.ยค.#
e...# ...
#e#
#@##.##..
#<.......
#........
#........
#........
#.....(..
#......#.
####.###
.#


You could see Duvessa (fast) and Dowan.

Vanquished Creatures
  Menkaure (D:5)
  An ogre (D:4)
  A hound (D:4)
  2 orc priests (D:3)
  3 adders
  A white imp (D:3)
  An ufetubus (D:4)
  A worm (D:4)
  4 dart slugs
  4 orcs
  6 endoplasms
  8 goblins
  4 hobgoblins
  8 jackals
  6 kobolds
  3 quokkas
  9 ball pythons
  A bat (D:2)
  3 frilled lizards
  2 goblin skeletons (D:3)
  2 goblin zombies (D:3)
  4 hobgoblin zombies (D:3)
  A kobold skeleton (D:3)
  A rat (D:3)
77 creatures vanquished.

Notes
Turn   | Place    | Note
-------+----------+-------------------------------------------
     0 | D:5      | qw the Gargoyle Delver began the quest for the Orb.
     0 | D:5      | Reached XP level 1. HP: 14/14 MP: 1/1
     0 | D:5      | 0 ||| qw: Version: 0.1-a-117-gfe26ee0
     0 | D:5      | 0 ||| qw: Game counter: 9645
     0 | D:5      | 0 ||| qw: Always use a shield: true
     0 | D:5      | 0 ||| qw: God list: Okawaru
     0 | D:5      | 0 ||| qw: Allow faded altars: false
     0 | D:5      | 0 ||| qw: Do Orc after D:15 true
     0 | D:5      | 0 ||| qw: Do second Lair branch before Depths: true
     0 | D:5      | 0 ||| qw: Lair rune preference: random
     0 | D:5      | 0 ||| qw: Plans: Normal
     0 | D:5      | 0 ||| PLANNING D:1-11
     0 | D:5      | 0 ||| DROPPING scroll of fog.
     1 | D:5      | 1 ||| DROPPING scroll of magic mapping.
     2 | D:5      | 2 ||| DROPPING scroll of fear.
   145 | D:4      | Reached XP level 2. HP: 19/19 MP: 2/2
   178 | D:4      | 178 ||| UPGRADING to +0 ring mail.
   188 | D:4      | 188 ||| DROPPING +0 leather armour.
   196 | D:4      | 196 ||| STAIRDANCE
   198 | D:3      | 198 ||| Stepping ~*~*~tactically~*~*~ (stealth).
   371 | D:3      | Found a glowing golden altar of the Shining One.
   372 | D:3      | 372 ||| Stepping ~*~*~tactically~*~*~ (hiding).
   392 | D:3      | Reached skill level 3 in Axes
   392 | D:3      | 392 ||| Stepping ~*~*~tactically~*~*~ (stealth).
   401 | D:3      | Reached XP level 3. HP: 13/23 MP: 3/3
   567 | D:3      | 567 ||| DROPPING +0 club.
   570 | D:3      | 570 ||| READING scroll labelled QAMOCRIGEL.
   666 | D:1      | 666 ||| Stepping ~*~*~tactically~*~*~ (stealth).
   668 | D:1      | 668 ||| Stepping ~*~*~tactically~*~*~ (stealth).
  1444 | D:1      | 1444 ||| DROPPING amulet of faith.
  1445 | D:1      | 1445 ||| READING scroll labelled MUPUAM WEGO.
  1446 | D:1      | 1446 ||| READING scroll labelled YSOFFI ULOMMUCW.
  1447 | D:1      | 1447 ||| READING scroll labelled REWOOBR IXELL.
  1448 | D:1      | 1448 ||| READING scroll labelled CYWKON WOOSARCH.
  1449 | D:1      | 1449 ||| DRINKING 2 golden potions.
  1450 | D:1      | 1450 ||| DROPPING potion of invisibility.
  1496 | D:2      | 1496 ||| STAIRDANCE
  1544 | D:2      | Reached XP level 4. HP: 22/28 MP: 4/4
  1544 | D:2      | 1544 ||| STAIRDANCE
  1914 | D:2      | 1914 ||| Stepping ~*~*~tactically~*~*~ (stealth).
  1916 | D:2      | 1916 ||| Stepping ~*~*~tactically~*~*~ (stealth).
  2637 | D:2      | 2637 ||| UPGRADING to ring of resist corrosion.
  2638 | D:2      | 2638 ||| READING 2 scrolls labelled QOSKAX UZACA.
  2639 | D:2      | 2639 ||| DRINKING 2 fuming coppery potions.
  2684 | D:3      | Found a faded altar of an unknown god.
  2711 | D:3      | 2711 ||| Stepping ~*~*~tactically~*~*~ (hiding).
  2813 | D:3      | 2813 ||| Stepping ~*~*~tactically~*~*~ (hiding).
  2829 | D:3      | 2829 ||| Stepping ~*~*~tactically~*~*~ (hiding).
  2931 | D:3      | 2931 ||| Stepping ~*~*~tactically~*~*~ (hiding).
  2947 | D:3      | Reached XP level 5. HP: 22/32 MP: 5/5
  2978 | D:3      | 2978 ||| FLEEEEING.
  2981 | D:3      | 2981 ||| FLEEEEING.
  2982 | D:3      | 2982 ||| FLEEEEING.
  3182 | D:3      | Found a runed translucent door.
  3189 | D:3      | 3189 ||| Stepping ~*~*~tactically~*~*~ (stealth).
  3192 | D:3      | 3192 ||| Stepping ~*~*~tactically~*~*~ (stealth).
  3301 | D:3      | 3301 ||| Stepping ~*~*~tactically~*~*~ (stealth).
  3303 | D:3      | 3303 ||| Stepping ~*~*~tactically~*~*~ (stealth).
  3308 | D:3      | 3308 ||| Stepping ~*~*~tactically~*~*~ (stealth).
  3309 | D:3      | 3309 ||| Stepping ~*~*~tactically~*~*~ (stealth).
  3315 | D:3      | 3315 ||| Stepping ~*~*~tactically~*~*~ (stealth).
  3317 | D:3      | 3317 ||| Stepping ~*~*~tactically~*~*~ (stealth).
  3370 | D:3      | Noticed qw's ghost (amateur GrDe)
  3462 | D:3      | 3462 ||| READING scroll labelled ISEYTONAEDA.
  3463 | D:3      | 3463 ||| DRINKING 2 metallic sapphire potions.
  3464 | D:3      | 3464 ||| DROPPING potion of attraction.
  3493 | D:4      | 3493 ||| STAIRDANCE
  3819 | D:4      | 3819 ||| Stepping ~*~*~tactically~*~*~ (stealth).
  4178 | D:4      | Found a glowing silver altar of Zin.
  4265 | D:4      | 4265 ||| Stepping ~*~*~tactically~*~*~ (stealth).
  4269 | D:4      | 4269 ||| Stepping ~*~*~tactically~*~*~ (stealth).
  4272 | D:4      | 4272 ||| Stepping ~*~*~tactically~*~*~ (stealth).
  4313 | D:4      | 4313 ||| UPGRADING to +1 helmet of intelligence.
  4318 | D:4      | 4318 ||| READING scroll of enchant armour.
  4318 | D:4      | 4318 ||| ENCHANTING +1 helmet of intelligence.
  4319 | D:4      | 4319 ||| READING 2 scrolls of identify.
  4319 | D:4      | 4319 ||| IDENTIFYING coppery potion
  4338 | D:5      | 4338 ||| RIP SEWER
  4338 | D:5      | Noticed Menkaure
  4338 | D:5      | Noticed an ogre
  4339 | D:5      | 4339 ||| STAIRDANCE
  4339 | D:5      | Noticed Dowan
  4394 | D:5      | 4394 ||| STAIRDANCE
  4407 | D:4      | Killed an ogre
  4408 | D:4      | Reached XP level 6. HP: 27/39 MP: 6/6
  4496 | D:5      | Noticed Duvessa
  4503 | D:5      | Killed Menkaure
  4523 | D:5      | HP: 7/39 [Duvessa/+0 rapier (7)]
  4524 | D:5      | 4524 ||| DRINKING potion of heal wounds.
  4534 | D:5      | HP: 7/39 [Duvessa/+0 rapier (5)]
  4537 | D:5      | HP: 3/39 [Duvessa/+0 rapier (3)]
  4539 | D:5      | Slain by Duvessa

Levels and vault maps discovered:
D:1:      dpeg_arrival_simpleton_a, layout_rooms, lemuel_flame_loot_1
D:2:      layout_loops_corners
D:3:      layout_rooms, nicolae_tso_besieged_by_evil, ebering_ghost_sewer_d,
          ebering_ecumenical_altar_petrified
D:4:      layout_rooms, zin_treasury, kennysheep_crisscross
D:5:      layout_rooms, mainiacjoe_overflow_alcove_4, gup_sewer_entry_spiral,
          uniq_menkaure, uniq_crazy_yiuf_cottage, uniq_duvessa

Skill      XL: |  1  2  3  4  5 |
---------------+----------------+-----
Axes           | 2 3 4 5 |  5.7
Armour         | 2 |  2.0
Fighting       | 4 |  4.4
Dodging        | |  1.5
Stealth        | |  5.4

Action                   |  1- 3 |  4- 6 || total
-------------------------+-------+-------++-------
Melee: Hand axe          |   119 |   216 ||   335
       Punch             |     2 |     2 ||     4
  Use: Scroll            |     5 |     4 ||     9
       Potion            |     1 |     3 ||     4
 Stab: Sleeping          |       |     3 ||     3
Armor: Leather armour    |    10 |       ||    10
       Ring mail         |    41 |   101 ||   142
Dodge: Dodged            |    79 |   105 ||   184

Table legend:
 A = Non-vault XP
 B = Vault XP
 C = Vault XP percentage of total XP
 D = Non-vault monster count
 E = Vault monster count
 F = Vault count percentage of total count
                 A         B        C        D         E       F
            +---------+---------+-------+---------+---------+-------
      Total |     411 |     191 |  31.7 |      66 |      11 |  14.3
            +---------+---------+-------+---------+---------+-------
        D:1 |      43 |       0 |   0.0 |      17 |       0 |   0.0
        D:2 |      25 |       0 |   0.0 |      15 |       0 |   0.0
        D:3 |     110 |      19 |  14.7 |      12 |      10 |  45.5
        D:4 |     231 |       0 |   0.0 |      21 |       0 |   0.0
        D:5 |       2 |     172 |  98.9 |       1 |       1 |  50.0
            +---------+---------+-------+---------+---------+-------
